 Dungeon Crawl Stone Soup version 0.30-a0-586-g23e55c9e0a (console) character file.

Game seed: 13453361710924563323

2 petzl the Sneak (level 1, -4/15 (18) HPs)
             Began as a Formicid Delver on Jan 3, 2023.
             Slain by a wight
             ... wielding a +5 short sword
              (7 damage)
             ... on level 8 of the Dungeon.
             The game lasted 00:03:59 (482 turns).

petzl the Sneak (Formicid Delver)                    Turns: 482, Time: 00:03:59

HP:   -4/15 (18)    AC:  5    Str: 16    XL:     1   Next: 33%
MP:   1/1           EV: 11    Int:  9    God:
Gold: 23            SH:  0    Dex: 15    Spells: 1/1 levels left

rFire   . . .      SeeInvis +    a - +0 mace
rCold   . . .      Faith    .    (no shield)
rNeg    . . .      Spirit   .    f - +0 ring mail
rPois   .          Reflect  .    (helmet unavailable)
rElec   .          Harm     .    (no cloak)
rCorr   .          Rampage  .    (no gloves)
Will    .....                    (no boots)
Stlth   +++                      i - amulet of the acrobat
HPRegen 0.22/turn                (no ring)
MPRegen 0.07/turn                (no ring)

@: heavily drained
A: permanent stasis, dig shafts and tunnels, antennae 3, four strong arms
a: Dig, Shaft Self


You were on level 8 of the Dungeon.
You visited 1 branch of the dungeon, and saw 6 of its levels.

You collected 23 gold pieces.

Inventory:

Hand Weapons
 a - a +0 mace (weapon)
Armour
 b - a +0 leather armour
 f - a +0 ring mail (worn)
Jewellery
 i - an amulet of the acrobat (around neck)
 m - an amulet of magic regeneration
Wands
 g - a wand of digging (3)
Scrolls
 c - a scroll of fog
 d - a scroll of magic mapping
 e - a scroll of fear
 h - a scroll of poison {unknown}
 o - a scroll of vulnerability {unknown}
Potions
 j - a potion of might {unknown}
 k - a potion of invisibility {unknown}
 l - 2 potions of ambrosia {unknown}
 n - 2 potions of lignification {unknown}


   Skills:
 - Level 3.2 Fighting
 - Level 2.0 Maces & Flails
 - Level 1.7 Dodging
 - Level 6.0 Stealth
 + Level 0.6 Spellcasting


You had one spell level left.
You didn't know any spells.
Your spell library contained the following spells:

 Spells                   Type           Power      Damage    Failure   Level
 Sublimation of Blood     Necr           0%         N/A       75%         2
 Wereblood                Tmut           0%         N/A       75%         2
 Summon Hydra             Summ           0%         N/A       100%        7


Dungeon Overview and Level Annotations

Branches:
Dungeon (9/15)
 Temple: D:4-7         Lair: D:8-11         Orc: D:9-12

Altars:
Okawaru

Annotations:
D:4 Blork the orc, Natasha
D:6 exclusion: downstairs
D:7 exclusion: orc priest


Innate Abilities, Weirdness & Mutations

You cannot be hasted, slowed, berserked, paralysed or teleported.
You can dig through walls and to a lower floor.
You have a pair of large antennae on your head. (SInv)
Your four strong arms can wield two-handed weapons with a shield.


Message History

You start resting.
HP restored.
Found 6 stones.
A steam dragon comes into view.
You open the door.
Found a stone staircase leading up.
There is an open door here.
You sense a monster nearby.
There is a stone staircase leading up here.
You climb upwards.
Found 2 green potions.
Found a stone staircase leading down.
There is a stone staircase leading down here.
l - 2 green potions
Found a tiny brass amulet and 2 white potions.
Found an iron altar of Okawaru.
m - an amulet of magic regeneration
n - 2 white potions
There is a stone staircase leading down here.
You climb downwards.
Found 19 gold pieces and a scroll labelled FAREUJ WYXI.
There is a stone staircase leading up here.
You now have 23 gold pieces (gained 19).
o - a scroll labelled FAREUJ WYXI You open the door. 2 wights come into view.
The wight attacks as you move away!
The wight hits you with a +5 short sword.
The wight attacks as you move away! The wight completely misses you.
The wight attacks as you move away! The wight barely misses you.
There is a stone staircase leading up here.
The wight hits you with a +5 short sword!
Ouch! That really hurt!
You feel drained.
* * * LOW HITPOINT WARNING * * *
You climb upwards.
There is a stone staircase leading down here.
You extend your mandibles.
You dig through the rock wall.
You feel drained. The wight attacks as you move away!
The wight hits you with a +5 short sword!
You die...

## #.# #. .. #. #.
.. #. #. .# #.##. .#
# ##....##.#.##..
####..^..........#
##......##.........
##..................
#..........#........
#..........####.##.#
#......>...# ..# #
#..........# ...
##..........# ###
#.#........##
#@z..........#
#..........#.#
#..........._..
#..........#.#.
#.............
##...........
##..........
###....... .......
#######


You could see a wight.

Vanquished Creatures
  An orc (D:7)
1 creature vanquished.

Notes
Turn   | Place    | Note
-------+----------+-------------------------------------------
     0 | D:5      | petzl the Formicid Delver began the quest for the Orb.
     0 | D:5      | Reached XP level 1. HP: 18/18 MP: 1/1
     9 | D:4      | Noticed an iguana
    16 | D:4      | Noticed Natasha
    79 | D:4      | Noticed Blork the orc
    89 | D:4      | You fall into a shaft and drop 3 floors!
   161 | D:7      | Noticed an orc priest
   242 | D:7      | Noticed an orc wizard
   242 | D:7      | Noticed an orc wizard
   242 | D:7      | Noticed an orc priest
   290 | D:6      | Noticed a kobold brigand
   291 | D:6      | Noticed a water moccasin
   292 | D:6      | Noticed a steam dragon
   301 | D:6      | You fall into a shaft and drop 3 floors!
   402 | D:9      | Noticed a steam dragon
   438 | D:8      | Found an iron altar of Okawaru.
   473 | D:9      | Noticed a wight
   473 | D:9      | Noticed a wight
   482 | D:8      | Slain by a wight

Illustrated notes

Levels and vault maps discovered:
D:4:      minmay_general_purpose_star, layout_cave_pools, zin_academy,
          mainiacjoe_overflow_catch_the_wave, minmay_temple_entry_butterflies,
          serial_shops, shop, kennysheep_decorative_pillar, hex_tiny,
          kennysheep_generic_room_12, uniq_edmund, uniq_natasha,
          uniq_blork_the_orc
D:5:      layout_rooms, uniq_pikel
D:6:      layout_basic, nicolae_sif_muna_little_library,
          nicolae_ossuary_entry_false_entrances, uniq_menkaure
D:7:      layout_basic, hangedman_decor_riveting, uniq_prince_ribbit1,
          uniq_duvessa
D:8:      layout_rooms, lemuel_crystal_altar, lair_entry_dummy
D:9:      layout_irregular_city, lemuel_round_altar, grunt_gozag_breadcrumbs,
          uniq_gastronok

Action                   || total
-------------------------++-------
Melee: Mace              ||     3
 Abil: Dig               ||     2
       Shaft Self        ||     2
Armor: Ring mail         ||     1
Dodge: Dodged            ||     3

Table legend: (Time is in decaauts)
 A = Elapsed time spent in this place.
 B = Non-inter-level travel time spent in this place.
 C = Inter-level travel time spent in this place.
 D = Time resting spent in this place.
 E = Time spent auto-exploring this place.
 F = Levels seen in this place.
 G = Mean time per level.
                   A        B        C        D        E       F      G
               +--------+--------+--------+--------+--------+-----+--------+
         Total |    481 |    481 |      0 |    129 |      0 |   6 |   80.2 |
       Dungeon |    481 |    481 |      0 |    129 |      0 |   6 |   80.2 |
               +--------+--------+--------+--------+--------+-----+--------+

Top non-repeatable levels by time:
     D:7: 158 daAuts
     D:9: 149 daAuts
     D:4: 79 daAuts
     D:6: 53 daAuts
     D:8: 31 daAuts
     D:5: 9 daAuts
